 Dungeon Crawl Stone Soup version bcrawl-1.12.2 (webtiles) character file.

Game seed: 1469217755718041006

3434 MisterOstroum the Fighter (level 10, -11/88 HPs)
             Began as an Oni Reaver on July 18, 2019.
             Was a Priest of Vehumet.
             Mangled by a two-headed ogre
             ... wielding a +0 giant club
              (15 damage)
             ... on level 8 of the Dungeon.
             The game lasted 00:24:19 (10292 turns).

MisterOstroum the Fighter (Oni Reaver)             Turns: 10292, Time: 00:24:20

Health: -11/88     AC:  5    Str: 17    XL:     10   Next: 5%
Magic:  2/19       EV: 12    Int: 20    God:    Vehumet [***...]
Gold:   500        SH:  0    Dex:  9    Spells: 0/19 levels left

rFire    . . .     SeeInvis .     - Unarmed
rCold    . . .     Gourm    .   (shield currently unavailable)
rNeg     . . .     Faith    .   a - +0 steam dragon scales
rPois    .         Spirit   .   (helmet restricted)
rElec    .         Reflect  .   (no cloak)
rCorr    .         Harm     .   (gloves currently unavailable)
MR       .....                  (no boots)
Stlth    +.........             (no amulet)
HPRegen  0.24/turn              j - +3 ring of intelligence
MPRegen  0.16/turn              (no ring)

@: blade hands (expiring)
A: oni magic, claws 1, fangs 1, horns 1
a: End Transformation, Renounce Religion


You were on level 8 of the Dungeon.
You worshipped Vehumet.
Vehumet was most pleased with you.
You were very hungry.
You had blades for hands.
You visited 1 branch of the dungeon, and saw 8 of its levels.

You collected 500 gold pieces.

Inventory:

Hand Weapons
 D - the +3 war axe of World's End {vamp, Int+4, unknown}
   (You found it on level 7 of the Dungeon)

   It inflicts no extra harm, but heals its wielder when it wounds a living foe.
   It affects your intelligence (+4).
Missiles
 k - 2120 stones (quivered)
 u - 38 tomahawks
 z - 51 javelins
Armour
 a - +0 steam dragon scales (worn)
 o - a +0 pair of gloves (melded)
 q - a +2 shield
 w - a +0 buckler (melded)
 C - a +0 plate armour
Jewellery
 j - a +3 ring of intelligence (left scythe-like blade)
 v - an uncursed ring of teleportation
 y - an uncursed ring of protection from fire {unknown}
 A - an uncursed ring of flight
 I - a +4 ring of strength {unknown}
Wands
 b - a wand of acid (14)
 J - a wand of iceblast (12)
Scrolls
 c - a scroll of immolation
 g - 11 scrolls of identify {@r1}
 l - 4 scrolls of remove curse {@r2}
 m - 2 scrolls of amnesia {unknown}
 n - 2 scrolls of magic mapping {unknown}
 r - 3 scrolls of teleportation {unknown}
 s - 2 scrolls of enchant armour {unknown}
 t - a scroll of blinking {unknown}
Potions
 d - 2 potions of lignification {unknown}
 f - 3 potions of curing {@q1 !q}
 h - a potion of invisibility {unknown}
 i - 2 potions of cancellation
 p - 2 potions of mutation {unknown}
 x - 2 potions of flight {unknown}
 B - 2 potions of heal wounds {unknown}
 F - a potion of agility {unknown}
 G - a potion of might {unknown}
Books
 E - Sif Muna's Incunabulum of Attacks
   (You found it on level 8 of the Dungeon)

   Spells                             Type                      Level
   a - Throw Frost                    Conjuration/Ice              2
   b - Stone Arrow                    Conjuration/Earth            3
   c - Mephitic Cloud                 Conjuration/Poison/Air       3
   d - Poison Arrow                   Conjuration/Poison           6
   e - Iron Shot                      Conjuration/Earth            6
 H - a book of Changes
Comestibles
 e - 10 rations {!d}


   Skills:
 - Level 8.1 Fighting
 - Level 2.7 Dodging
 - Level 5.5 Shields
 - Level 5.4 Unarmed Combat
 + Level 5.1 Spellcasting
 - Level 5.0 Evocations


You couldn't memorise any spells.
You knew the following spells:

 Your Spells              Type           Power        Failure   Level  Hunger
a - Freeze                Ice            ####..       4%          1    None
b - Throw Frost           Conj/Ice       ####..       5%          2    None
c - Passwall              Tmut/Erth      ####....     21%         2    None
d - Yara's Violent Unrav  Hex/Tmut       ####......   17%         4    ####...
e - Iskenderun's Battles  Conj/Chrm      ####....     32%         5    #####..
f - Blade Hands           Tmut           ####......   71%         5    #####..

Your spell library contained the following spells:

 Spells                   Type           Power        Failure   Level  Hunger
 Animate Dead             Necr           N/A          45%         4    ####...


Dungeon Overview and Level Annotations

Branches:
Dungeon (8/12)             Temple (0/1) D:7
   Lair: D:7-10         Orc: D:8-11

Altars:
Cheibriados
Gozag
Xom
Zin

Shops:
D:6 [

Annotations:
D:2 1 runed door, exclusion: door


Innate Abilities, Weirdness & Mutations

You learn spells by gaining experience, not through books or religion.
You only train spellcasting to practice magic.
You have sharp fingernails.
You have very sharp teeth.
You have a pair of small horns on your head.


Message History

The hound skeleton barely misses you. The hound skeleton barely misses you.
The hound skeleton bites you but does no damage.
Casting: Throw Frost (safe; 1% risk of failure)
Confirm with . or Enter, or press ? or * to list all spells.
You conjure a globe of magical energy.
The hound skeleton bites you.
Casting: Iskenderun's Battlesphere (slightly dangerous; 11% risk of failure)
Confirm with . or Enter, or press ? or * to list all spells.
Aiming: Throw Frost (safe; 1% risk of failure)
Press: ? - help, Shift-Dir - straight line, f/p - hound skeleton
Aim: a hound skeleton (almost destroyed)
The puff of frost hits the hound skeleton.
The hound skeleton resists.
The hound skeleton is almost destroyed.
The hound skeleton barely misses you.
Press: ? - help, v - describe, . - travel
Here: a battlesphere (friendly)
The floor.
You swap places.
The hound skeleton bites your battlesphere.
Casting: Throw Frost (safe; 1% risk of failure)
Confirm with . or Enter, or press ? or * to list all spells.
Aiming: Throw Frost (safe; 1% risk of failure)
Press: ? - help, Shift-Dir - straight line, f/p - hound skeleton
Aim: a hound skeleton (almost destroyed)
The puff of frost misses the two-headed ogre.
The puff of frost hits the hound skeleton.
The hound skeleton completely resists.
The hound skeleton is almost destroyed.
Your battlesphere fires!
The barrage of energy hits the two-headed ogre.
The two-headed ogre is lightly wounded.
Casting: Throw Frost (safe; 1% risk of failure)
Confirm with . or Enter, or press ? or * to list all spells.
Aiming: Throw Frost (safe; 1% risk of failure)
Press: ? - help, Shift-Dir - straight line, f/p - hound skeleton
Aim: a hound skeleton (almost destroyed)
The puff of frost hits the two-headed ogre.
The two-headed ogre is moderately wounded.
Your battlesphere fires!
The barrage of energy hits the two-headed ogre.
The two-headed ogre is moderately wounded.
The two-headed ogre hits your battlesphere with a +0 giant club!
Your battlesphere is destroyed!
Casting: Throw Frost (safe; 1% risk of failure)
Confirm with . or Enter, or press ? or * to list all spells.
Aiming: Throw Frost (safe; 1% risk of failure)
Press: ? - help, Shift-Dir - straight line, f/p - hound skeleton
Aim: a hound skeleton (almost destroyed)
The puff of frost hits the two-headed ogre.
The two-headed ogre is heavily wounded.
Unknown command.
Casting: Throw Frost (safe; 1% risk of failure)
Confirm with . or Enter, or press ? or * to list all spells.
You miscast Blade Hands.
You are very lightly contaminated with residual magic.
Nothing appears to happen.
The two-headed ogre closely misses you.
The two-headed ogre completely misses you.
Casting: Blade Hands (quite dangerous; 28% risk of failure)
Confirm with . or Enter, or press ? or * to list all spells.
You miscast Blade Hands.
You feel a strange surge of energy!
You are feeling hungry.
The two-headed ogre hits you with a +0 giant club!!
The two-headed ogre hits you with a cursed +0 giant club!
The shadow imp spits at you.
You see here a quokka skeleton.
The shadow imp sputters.
The shadow imp shouts, "Back with thee, thou hateful roguish vulture!"
Found a stone staircase leading down.
Casting: Blade Hands (quite dangerous; 28% risk of failure)
Confirm with . or Enter, or press ? or * to list all spells.
Your hands turn into razor-sharp scythe blades.
Your +0 pair of gloves melds into your body.
Your +0 buckler melds into your body.
You are feeling very hungry.
The hound skeleton bites you.
You slice the hound skeleton!!
You destroy the hound skeleton!
Vehumet accepts your kill.
Your magical contamination has completely faded away.
The shadow imp gestures at you. Pain shoots through your body!
You slice the two-headed ogre!!
Your headbutt misses the two-headed ogre.
The two-headed ogre is moderately wounded.
The two-headed ogre hits you with a +0 giant club!!
* * * LOW HITPOINT WARNING * * *
The two-headed ogre hits you with a cursed +0 giant club!!
* * * LOW HITPOINT WARNING * * *
Found a pink potion.
A brown ugly thing comes into view.
Your transformation is almost over.
There is a stone staircase leading down here.
You hit the two-headed ogre but do no damage.
You bite the two-headed ogre, but do no damage.
The two-headed ogre is moderately wounded.
The two-headed ogre hits you with a +0 giant club!
You die...

##...................#
.......................#
...................######
....................####
........................
.............#.##.......
.............#.5#.......
.........#.O#.....#
...##....#..@.....#
###...........!####
.............#
.............u.
....###....... ....
#........# ... #........#
###......#


You could see a brown ugly thing, a two-headed ogre and a shadow imp.

Vanquished Creatures
  A troll (D:8)
  2 hippogriffs
  A dream sheep (D:5)
  A spriggan (D:7)
  3 yaks (D:7)
  A hungry ghost (D:6)
  Duvessa (D:4)
  An ice beast (D:6)
  2 sky beasts
  2 ogres (D:5)
  2 centaurs
  Dowan (D:4)
  5 howler monkeys
  3 crimson imps (D:5)
  A centaur zombie (D:6)
  A jelly (D:3)
  8 orc wizards
  A quasit (D:8)
  An orc priest (D:7)
  2 hounds
  3 iguanas
  Terence (D:2)
  6 worker ants
  2 hound zombies
  4 hound skeletons
  A worker ant zombie (D:7)
  7 adders
  4 gnolls (D:5)
  2 shadow imps
  2 oozes
  An adder zombie (D:5)
  5 worms
  3 dart slugs
  10 leopard geckos
  25 orcs
  A bat (D:1)
  4 giant cockroaches
  4 goblins
  5 hobgoblins
  9 jackals
  8 kobolds
  3 quokkas
  4 ball pythons
  4 frilled lizards
  A quokka skeleton (D:6)
  9 rats
168 creatures vanquished.

Vanquished Creatures (others)
  3 dream sheep (D:5)
3 creatures vanquished.

Grand Total: 171 creatures vanquished

Notes
Turn   | Place    | Note
-------+----------+-------------------------------------------
     0 | D:1      | MisterOstroum the Oni Reaver began the quest for the Orb.
     0 | D:1      | Reached XP level 1. HP: 19/19 MP: 4/4
    38 | D:1      | Reached XP level 2. HP: 26/26 MP: 4/6
    41 | D:1      | Learned a level 1 spell: Freeze
   564 | D:1      | Reached XP level 3. HP: 31/31 MP: 5/7
  1220 | D:2      | Reached * piety under Vehumet
  1635 | D:2      | Found a runed door.
  1670 | D:2      | Noticed Terence
  1680 | D:2      | Killed Terence
  1680 | D:2      | Reached XP level 4. HP: 28/40 MP: 4/9
  1686 | D:2      | Learned a level 2 spell: Throw Frost
  1949 | D:2      | Found a glowing silver altar of Zin.
  2546 | D:3      | Reached XP level 5. HP: 46/46 MP: 1/10
  2918 | D:3      | Reached skill level 4 in Fighting
  3191 | D:3      | Reached XP level 6. HP: 49/52 MP: 6/12
  3839 | D:4      | Reached ** piety under Vehumet
  3918 | D:4      | Noticed Duvessa
  3918 | D:4      | Noticed Dowan
  3926 | D:4      | Killed Dowan
  4270 | D:4      | Killed Duvessa
  4270 | D:4      | Reached XP level 7. HP: 49/60 MP: 5/14
  4886 | D:5      | Entered Level 5 of the Dungeon
  5007 | D:5      | Reached skill level 5 in Unarmed Combat
  5125 | D:5      | Reached skill level 5 in Fighting
  5426 | D:5      | Noticed a dream sheep
  5426 | D:5      | Noticed a dream sheep
  5426 | D:5      | Noticed a dream sheep
  5426 | D:5      | Noticed a dream sheep
  5426 | D:5      | Found a shimmering altar of Xom.
  5431 | D:5      | Killed a dream sheep
  5431 | D:5      | Reached skill level 1 in Shields
  5431 | D:5      | Reached XP level 8. HP: 53/68 MP: 11/16
  5431 | D:5      | Killed a dream sheep
  5433 | D:5      | Killed a dream sheep
  5435 | D:5      | Killed a dream sheep
  6048 | D:5      | Noticed a hippogriff
  6065 | D:5      | Killed a hippogriff
  6065 | D:5      | Reached skill level 5 in Spellcasting
  6633 | D:6      | Reached skill level 6 in Fighting
  6904 | D:6      | Reached XP level 9. HP: 62/77 MP: 18/18
  6909 | D:6      | Found a snail-covered altar of Cheibriados.
  7114 | D:6      | Reached *** piety under Vehumet
  7305 | D:6      | Found Tijexewn's Antique Armour Emporium.
  7351 | D:6      | Reached skill level 7 in Fighting
  7357 | D:6      | Learned a level 2 spell: Passwall
  7362 | D:6      | Learned a level 4 spell: Yara's Violent Unravelling
  7368 | D:6      | Learned a level 5 spell: Iskenderun's Battlesphere
  7812 | D:7      | Reached skill level 1 in Evocations
  8108 | D:7      | Found an opulent altar of Gozag.
  8177 | D:7      | Found a staircase to the Ecumenical Temple.
  8247 | D:7      | Got an iridescent war axe
  9040 | D:7      | Reached skill level 5 in Shields
  9756 | D:8      | Noticed a troll
  9834 | D:8      | Killed a troll
  9834 | D:8      | Reached skill level 8 in Fighting
  9834 | D:8      | Reached skill level 5 in Evocations
  9834 | D:8      | Reached XP level 10. HP: 33/88 MP: 5/19
  9921 | D:8      | Learned a level 5 spell: Blade Hands
 10083 | D:8      | Identified Sif Muna's Incunabulum of Attacks
 10183 | D:8      | Noticed a two-headed ogre
 10287 | D:8      | HP: 3/88 [two-headed ogre/+0 giant club (22)]
 10290 | D:8      | Noticed a brown ugly thing
 10292 | D:8      | Mangled by a two-headed ogre

Skill      XL: |  1  2  3  4  5  6  7  8  9 |
---------------+----------------------------+-----
Spellcasting   | 2 3 4 5 |  5.1
Unarmed Combat | 4 5 |  5.4
Fighting       | 4 5 6 8 |  8.1
Shields        | 1 3 5 |  5.5
Evocations     | 5 |  5.0
Dodging        | |  2.7

Action                   |  1- 3 |  4- 6 |  7- 9 | 10-12 || total
-------------------------+-------+-------+-------+-------++-------
Melee: Unarmed           |    60 |    48 |   153 |    13 ||   274
       Bite              |     3 |     1 |    15 |     1 ||    20
       Headbutt          |     3 |     9 |    21 |     2 ||    35
       Punch             |       |     2 |       |       ||     2
Throw: Stone             |       |     3 |       |       ||     3
 Cast: Freeze            |    43 |    42 |    88 |     4 ||   177
       Throw Frost       |       |    50 |   146 |     8 ||   204
       Iskenderun's Batt |       |       |     1 |     1 ||     2
       Yara's Violent Un |       |       |     1 |       ||     1
       Blade Hands       |       |       |       |     2 ||     2
  Use: Potion            |       |     3 |     1 |       ||     4
       Scroll            |       |       |     2 |       ||     2
 Stab: Sleeping          |     1 |       |       |       ||     1
  Eat: Chunk             |     3 |     6 |    19 |     3 ||    31
       Ration            |       |     1 |     2 |       ||     3
Armor: Steam dragon scal |    22 |    21 |    67 |    12 ||   122
Dodge: Dodged            |    63 |    39 |   128 |    19 ||   249
Block: Buckler           |       |       |    18 |     9 ||    27
